 Dungeon Crawl Stone Soup version 0.27.1-33-g824d729ab1 (webtiles) character file.

Game seed: 13588117734060244379

338516 McKennaii the Devastator (level 20, -2/135 HPs)
             Began as a Demigod Conjurer on Dec 16, 2021.
             Splashed by an acid blob's acid (12 damage)
             ... created by the Royal Jelly
             ... on level 5 of the Pits of Slime.
             The game lasted 02:06:15 (46635 turns).

McKennaii the Devastator (Demigod Conjurer)        Turns: 46635, Time: 02:06:15

Health: -2/135     AC:  7    Str: 10 (13) XL:     20   Next: 18%
Magic:  7/48       EV: 13    Int: 44 (47) God:
Gold:   4882       SH:  9    Dex: 12 (17) Spells: 31/55 levels left

rFire    + + .     SeeInvis +   p - +0 staff of Battle
rCold    . . .     Faith    .   U - +2 buckler
rNeg     + . .     Spirit   .   v - +0 troll leather armour of Ydyhod Ali {rF+ Regen+ Int+4 Dex+2 Stlth-}
rPois    +         Reflect  .   Q - +2 hat {SInv}
rElec    .         Harm     .   G - +0 cloak "Zearoro" {rPois rN+ Str+3}
rCorr    .         Rampage  +   N - +1 pair of gloves {Dex+3}
Will     +++..                  M - +2 pair of boots {rampage}
Stlth    +.........             a - amulet of Hunuap {RegenMP Regen+ Int+3}
HPRegen  2.32/turn              u - ring of protection from fire
MPRegen  0.56/turn              Y - ring "Juttioc" {Fly Will+ Slay+2}

@: corroded, flying
A: high mp 1, forlorn, deformed body, deterioration 2, weak 1, subdued magic 1
}: 2/15 runes: decaying, gossamer
a: no special abilities


You were on level 5 of the Pits of Slime.
You visited 7 branches of the dungeon, and saw 39 of its levels.

You collected 6956 gold pieces.
You spent 2074 gold pieces at shops.

Inventory:

Hand Weapons
 p - the +0 staff of Battle (weapon)
   (You found it on level 4 of the Dungeon)

   It enhances your conjuration magic.
   It summons a battlesphere in combat, with strength depending on Conjurations
   skill.
 z - a +2 demon blade of electrocution
 T - the +3 Elemental Staff {rElec rF++ rC++ Will++ AC+5}
   (You found it on level 3 of the Elven Halls)

   If the wielder is skilled in Evocations, they can discharge powerful blasts
   of elemental energy when striking with it.
   It enhances your fire, ice, earth and air magic.
   AC:        It affects your AC (+5).
   rF:        It greatly protects you from fire.
   rC:        It greatly protects you from cold.
   rElec:     It insulates you from electricity.
   Will:      It greatly increases your willpower.
Armour
 d - the +3 hat of Pondering {ponderous, Will+ MP+10 Int+5}
   (You took it off Gastronok on level 8 of the Dungeon)

   Int:       It affects your intelligence (+5).
   MP:        It affects your magic capacity (+10).
   Will:      It increases your willpower.
 v - the +0 troll leather armour of Ydyhod Ali (worn) {rF+ Regen+ Int+4 Dex+2 Stlth-}
   (You bought it in a shop on level 2 of the Orcish Mines)

   Int:       It affects your intelligence (+4).
   Dex:       It affects your dexterity (+2).
   rF:        It protects you from fire.
   Regen:     It increases your rate of health regeneration.
   Stlth:     It makes you less stealthy.
 G - the +0 cloak "Zearoro" (worn) {rPois rN+ Str+3}
   (You bought it in a shop on level 2 of the Orcish Mines)

   Str:       It affects your strength (+3).
   rPois:     It protects you from poison.
   rN:        It protects you from negative energy.
 M - a +2 pair of boots of rampaging (worn)
 N - a +1 pair of gloves of dexterity (worn)
 Q - a +2 hat of see invisible (worn)
 S - a +0 kite shield of reflection
 U - a +2 buckler (worn)
Jewellery
 a - the amulet of Hunuap (around neck) {RegenMP Regen+ Int+3}
   (You acquired it on level 6 of the Lair of Beasts)

   [amulet of magic regeneration]

   It increases your rate of magic regeneration.
   Int:       It affects your intelligence (+3).
   Regen:     It increases your rate of health regeneration.
 u - a ring of protection from fire (left hand)
 E - a ring of protection from cold
 H - a ring of magical power
 L - the ring "Qurikeid" {rN+ Str+2 Dex+2}
   (You found it on level 1 of the Elven Halls)

   [ring of positive energy]

   Str:       It affects your strength (+2).
   Dex:       It affects your dexterity (+2).
   rN:        It protects you from negative energy.
 Y - the ring "Juttioc" (right hand) {Fly Will+ Slay+2}
   (You found it on level 12 of the Dungeon)

   [ring of willpower]

   Slay:      It affects your accuracy & damage with ranged weapons and melee
   (+2).
   Fly:       It grants you flight.
   Will:      It increases your willpower.
 Z - a ring of willpower
Wands
 k - a wand of mindburst (49)
 q - a wand of polymorph (46)
 y - a wand of iceblast (24)
 D - a wand of acid (48)
 I - a wand of digging (25)
 V - a wand of paralysis (12)
Scrolls
 c - 6 scrolls of teleportation
 f - 4 scrolls of vulnerability
 g - 4 scrolls of magic mapping
 i - 5 scrolls of blinking
 m - 5 scrolls of enchant weapon
 n - 2 scrolls of silence
 r - 14 scrolls of identify
 s - 10 scrolls of fog
 B - 4 scrolls of fear
 C - 2 scrolls of brand weapon
 F - 2 scrolls of amnesia
 O - 2 scrolls of enchant armour
 W - a scroll of immolation
 X - 2 scrolls of summoning
Potions
 b - 5 potions of ambrosia
 e - 5 potions of haste
 h - 6 potions of might
 j - 4 potions of invisibility
 l - 24 potions of curing
 o - 3 potions of attraction
 t - 6 potions of heal wounds
 w - 3 potions of lignification
 x - a potion of resistance
 A - 7 potions of cancellation
 J - a potion of brilliance
 K - 5 potions of mutation
 P - a potion of magic
 R - 3 potions of flight


   Skills:
 - Level 2.0 Fighting
 - Level 6.0 Armour
 - Level 6.0 Dodging
 - Level 3.0 Stealth
 - Level 15.0 Shields
 + Level 18.3 Spellcasting
 - Level 20.0 Conjurations
 - Level 2.0 Translocations
 - Level 6.0 Air Magic
 + Level 9.3 Earth Magic


You had 31 spell levels left.
You knew the following spells:

 Your Spells              Type           Power      Damage    Failure   Level
a - Magic Dart            Conj           100%       1d8       0%          1
b - Searing Ray           Conj           100%       3d7       0%          2
c - Iskenderun's Mystic   Conj/Tloc      100%       2d19      1%          4
d - Iron Shot             Conj/Erth      57%        9d11      1%          6
e - Orb of Destruction    Conj           64%        9d18      1%          7
f - Airstrike             Air            32%        N/A       1%          4

Your spell library contained the following spells:

 Spells                   Type           Power      Damage    Failure   Level
 Foxfire                  Conj/Fire      100%       2x1d9     0%          1
 Sandblast                Erth           100%       2d20      0%          1
 Shock                    Conj/Air       100%       1d9       0%          1
 Stone Arrow              Conj/Erth      100%       3d13      0%          3
 Animate Skeleton         Necr           62%        N/A       1%          1
 Corona                   Hex            34%        N/A       1%          1
 Pain                     Necr           100%       1d9       1%          1
 Summon Small Mammal      Summ           100%       N/A       1%          1
 Call Imp                 Summ           31%        N/A       1%          2
 Ensorcelled Hibernation  Hex/Ice        62%        N/A       1%          2
 Passwall                 Tmut/Erth      48%        N/A       1%          2
 Slow                     Hex            31%        N/A       1%          2
 Sublimation of Blood     Necr           15%        N/A       1%          2
 Wereblood                Tmut           31%        N/A       1%          2
 Call Canine Familiar     Summ           31%        N/A       1%          3
 Confusing Touch          Hex            31%        N/A       1%          3
 Conjure Flame            Conj/Fire      99%        6-21      1%          3
 Dazzling Flash           Conj/Hex       100%       N/A       1%          3
 Inner Flame              Hex/Fire       31%        N/A       1%          3
 Mephitic Cloud           Conj/Pois/Air  94%        N/A       1%          3
 Summon Guardian Golem    Hex/Summ       31%        N/A       1%          3
 Swiftness                Air            64%        N/A       1%          3
 Tukima's Dance           Hex            31%        N/A       1%          3
 Animate Armour           Summ/Erth      100%       N/A       1%          4
 Fulminant Prism          Conj/Hex       49%        3d21      1%          4
 Bolt of Magma            Conj/Fire/Erth 49%        4d20      1%          5
 Lee's Rapid Deconstruct  Erth           38%        3d20*     1%          5
 Passage of Golubria      Tloc           N/A        N/A       2%          4
 Borgnjor's Vile Clutch   Necr/Erth      29%        N/A       2%          5
 Silence                  Hex/Air        25%        N/A       4%          5
 Cause Fear               Hex            15%        N/A       5%          4
 Summon Ice Beast         Ice/Summ       31%        N/A       5%          4
 Spellforged Servitor     Conj/Summ      49%        N/A       8%          7
 Lehudib's Crystal Spear  Conj/Erth      57%        10d13     10%         8
 Summon Forest            Summ/Tloc      18%        N/A       11%         5
 Statue Form              Tmut/Erth      38%        N/A       13%         6
 Agony                    Necr           31%        N/A       17%         5
 Alistair's Intoxication  Tmut/Pois      20%        N/A       17%         5
 Blade Hands              Tmut           15%        N/A       17%         5
 Excruciating Wounds      Necr           15%        N/A       17%         5
 Summon Mana Viper        Hex/Summ       31%        N/A       17%         5
 Yara's Violent Unravell  Hex/Tmut       15%        3d8       17%         5
 Eringya's Noxious Bog    Tmut/Pois      15%        N/A       69%         6
 Shadow Creatures         Summ           N/A        N/A       69%         6
 Dragon Form              Tmut           15%        N/A       99%         7
 Monstrous Menagerie      Summ           15%        N/A       99%         7
 Summon Hydra             Summ           15%        N/A       99%         7
 Dragon's Call            Summ           15%        N/A       100%        9
 Shatter                  Erth           38%        3d30*     100%        9


Dungeon Overview and Level Annotations

Branches:
Dungeon (15/15)            Temple (0/1) D:6            Lair (6/6) D:11
  Swamp (4/4) Lair:4       Spider (4/4) Lair:3        Slime (5/5) Lair:6
    Orc (2/2) D:9             Elf (3/3) Orc:2        Vaults (0/5) D:13
 Depths (0/5) D:15

Shops:
D:1 (   D:5 *   D:6 *   D:7 (   D:13 *   Orc:2 [:*(   Elf:2 *

Annotations:
D:6 1 runed translucent door
Slime:5 Royal Jelly


Innate Abilities, Weirdness & Mutations

Your attributes grow dramatically as you level up.
You have an increased reservoir of magic. (+10% MP)
You shall have no god before yourself.
Armour fits poorly on your strangely shaped body.
Your body often deteriorates upon taking damage.
You are weak. (Str -2)
Your spells are a little easier to cast, but a little less powerful.


Message History

* * * LOW HITPOINT WARNING * * *
Your body deteriorates!
You feel weakened.
Unknown command.
You feel much better. The wall burns your battlesphere!
Unknown command.
Unknown command.
As you read the scroll of teleportation, it crumbles to dust.
You feel strangely unstable.
The very large slime creature hits your battlesphere!
You block the slime creature's attack.
Unknown command.
Unknown command.
The very large slime creature hits your battlesphere!!!
Your battlesphere is destroyed!
Unknown command.
You conjure a globe of magical energy.
The acid blob spits acid at you. The splash of acid hits you!
You are splashed with acid!
The slime creature hits your battlesphere!
The slime creature hits your battlesphere!!
The acid blob spits acid at you. The splash of acid hits you!
* * * LOW HITPOINT WARNING * * *
You are splashed with acid!
* * * LOW HITPOINT WARNING * * *
Unknown command.
Unknown command.
Your surroundings suddenly seem different.
The glowing orange brain turns its attention towards you.
The acid blob quivers.
Unknown command.
The acid blob spits acid at you.
The splash of acid hits you but does no damage.
You are splashed with acid!
* * * LOW HITPOINT WARNING * * *
The acid blob spits acid at you. The splash of acid hits you!
* * * LOW HITPOINT WARNING * * *
You are splashed with acid!
You die...

........# ##
........###.#
..........#.#
............####
............#..#
...............##
......J.........###
..................##
................@..#
...........J......##
..................#
..............G....
....................
##...................
?## ............#
$(## .............
(:[##


You could see an acid blob and a glowing orange brain.

Vanquished Creatures
  Arachne (Spider:2)
  Jorgrun (Spider:2)
  15 acid blobs
  Asterion (Spider:3)
  The ghost of Banquo the Fighter, an adept DjGl of Ashenzari (Spider:3)
  2 deep elf blademasters
  2 deep elf master archers (Elf:3)
  2 thorn hunters (Swamp:4)
  Agnes (Spider:4)
  Gastronok (D:8)
  Kirke (Spider:2)
  5 rockslimes
  Roxanne (Spider:2)
  Donald (Swamp:1)
  2 azure jellies
  A fenstrider witch (Swamp:2)
  The ghost of MisterT the Executioner, a journeyman HOMo of Beogh (D:15)
  6 ghost moths
  7 deep elf sorcerers
  2 orc warlords (Orc:2)
  9 emperor scorpions
  3 deep elf elementalists (Elf:3)
  10 quicksilver oozes
  7 deep elf demonologists (Elf:3)
  Azrael (Spider:3)
  3 entropy weavers
  5 bunyips
  8 deep elf annihilators (Elf:3)
  A spark wasp (Spider:4)
  Snorg (D:11)
  4 deep elf death magi
  An ettin (D:15)
  A fire dragon (Lair:6)
  Josephine (Lair:6)
  6 eleionomae
  A deep elf high priest (Elf:3)
  A shambling mangrove (Swamp:2)
  4 great orbs of eyes
  Harold (D:7)
  3 boulder beetles
  A ghost crab (Swamp:1)
  32 hydras
  The ghost of spimroxx the Grappler, a novice TrBe of Trog (D:9)
  2 catoblepae
  3 two-headed ogres
  3 centaur warriors
  37 dancing weapons
  7 alligators
  2 tengu warriors (D:14)
  A spriggan berserker (Swamp:4)
  4 orc high priests
  A hell knight (D:15)
  20 deep elf knights
  Sonja (D:11)
  Nergalle (Lair:1)
  4 skeletal warriors (D:14)
  A sun demon (D:14)
  6 goliath frogs
  A death drake (Swamp:4)
  A glowing orange brain (Slime:3)
  2 deep trolls (D:15)
  9 swamp dragons (Swamp:4)
  2 spriggan druids
  A bog body (Swamp:3)
  2 wizards (D:15)
  A lindwurm (Lair:6)
  9 deep elf archers
  26 wolf spiders
  17 orb spiders
  A necromancer (D:15)
  6 orc knights
  2 manticores
  30 deep elf zephyrmancers
  28 deep elf pyromancers
  5 ugly things
  4 oklob plants
  5 cyclopes
  10 orc sorcerers
  5 shining eyes
  5 will-o-the-wisps
  16 elephants
  Joseph (D:7)
  7 black mambas
  18 cane toads
  An eye of devastation (Slime:5)
  8 molten gargoyles
  2 torpor snails (Lair:2)
  A kobold demonologist (D:12)
  15 komodo dragons
  An unseen horror (D:9)
  6 rime drakes
  Maggie (D:8)
  11 demonic crawlers
  2 tengu conjurers (D:14)
  27 jumping spiders
  An ice devil (D:14)
  7 trolls
  A bloated husk (Swamp:3)
  4 polar bears
  77 slime creatures
  10 tyrant leeches
  21 hornets
  Prince Ribbit (D:7)
  28 blink frogs
  11 dream sheep
  4 air elementals (Elf:1)
  60 redbacks
  17 spriggans
  4 shadows
  5 water elementals
  19 tarantellas
  4 wraiths (Lair:6)
  4 fire elementals
  6 golden eyes (Slime:4)
  82 yaks
  11 basilisks
  2 hogs (Spider:2)
  13 wyverns
  4 steam dragons
  Grum (D:8)
  Menkaure (D:4)
  3 wargs
  17 vampire mosquitoes
  22 swamp worms
  An acid dragon (D:10)
  18 water moccasins
  7 hell hounds
  3 ice beasts
  12 swamp drakes
  48 orc warriors
  A sky beast (D:5)
  5 wolves
  5 black bears
  11 ogres
  2 centaurs (D:15)
  A necrophage (D:7)
  2 phantoms (D:9)
  3 kobold brigands
  7 scorpions
  13 bullfrogs
  2 earth elementals
  3 troll zombies (D:9)
  3 killer bees (D:7)
  7 electric eels
  5 howler monkeys
  8 wights
  4 crimson imps (D:14)
  A bullfrog zombie (D:7)
  5 lava snakes (Lair:6)
  3 hounds
  4 centaur zombies
  2 jellies
  10 orc priests
  A gnoll shaman (D:7)
  Ijyb (D:3)
  17 orc wizards
  A scorpion zombie (D:3)
  9 hell rats (Lair:4)
  5 ogre zombies (D:9)
  5 adders
  2 shadow imps
  5 white imps
  An ufetubus (D:5)
  An adder skeleton (D:4)
  A worm (D:2)
  3 dart slugs
  79 orcs
  7 ball pythons
  A bat zombie (D:9)
  9 endoplasms
  7 giant cockroaches
  3 goblins
  8 hobgoblins
  14 kobolds
  2 quokkas
  7 bats
  5 frilled lizards
  3 goblin skeletons (D:9)
  5 goblin zombies (D:9)
  2 hobgoblin skeletons (D:9)
  4 hobgoblin zombies (D:9)
  A jackal skeleton (D:3)
  4 orc skeletons (D:9)
  7 orc zombies (D:9)
  6 rats
  2 rat zombies (D:9)
  A spectral orc (D:10)
  A briar patch (Swamp:4)
  2 butterflies (D:6)
1409 creatures vanquished.

Vanquished Creatures (others)
  A deep elf knight (Elf:2)
  A deep elf archer (Elf:2)
  3 humans (Spider:2)
  An orc (Orc:2)
  22 foxfires
  44 fungi
  26 plants
98 creatures vanquished.

Grand Total: 1507 creatures vanquished

Notes
Turn   | Place    | Note
-------+----------+-------------------------------------------
     0 | D:1      | McKennaii the Demigod Conjurer began the quest for the Orb.
     0 | D:1      | Reached XP level 1. HP: 14/14 MP: 5/5
   427 | D:1      | Reached XP level 2. HP: 20/20 MP: 4/7
   463 | D:1      | Reached skill level 4 in Conjurations
   717 | D:1      | Found Qahibliy's Antique Weapon Boutique.
  1613 | D:1      | Learned a level 2 spell: Searing Ray
  1694 | D:2      | Reached XP level 3. HP: 26/26 MP: 5/8
  1877 | D:2      | Got Plato's Papyrus of Evil Secrets
  2812 | D:3      | Reached XP level 4. HP: 10/33 MP: 0/10
  3178 | D:3      | Noticed Ijyb
  3188 | D:3      | Killed Ijyb
  3189 | D:3      | Reached skill level 1 in Fighting
  3616 | D:3      | Learned a level 4 spell: Iskenderun's Mystic Blast
  3786 | D:4      | Noticed Menkaure
  4109 | D:4      | Found the +0 staff of Battle
  4153 | D:4      | Reached XP level 5. HP: 40/40 MP: 8/11
  4383 | D:4      | Killed Menkaure
  4384 | D:4      | Reached skill level 5 in Conjurations
  4949 | D:5      | Entered Level 5 of the Dungeon
  4966 | D:5      | Reached XP level 6. HP: 48/48 MP: 8/14
  5143 | D:5      | Noticed a water moccasin
  5146 | D:5      | Killed a water moccasin
  5147 | D:5      | Reached XP level 7. HP: 55/55 MP: 12/16
  5252 | D:5      | Found Udyozemn's Assorted Antiques.
  5271 | D:5      | Bought an embroidered robe for 99 gold pieces
  5271 | D:5      | Bought a scroll labelled LYCZIM TAQUE for 27 gold pieces
  5271 | D:5      | Bought a bubbling red potion for 24 gold pieces
  5290 | D:5      | Reached skill level 6 in Conjurations
  5768 | D:6      | Reached skill level 5 in Spellcasting
  5835 | D:6      | Found a runed translucent door.
  5838 | D:6      | Found a runed translucent door.
  5841 | D:6      | Reached skill level 7 in Conjurations
  5841 | D:6      | Reached XP level 8. HP: 53/61 MP: 16/19
  6092 | D:6      | Reached skill level 8 in Conjurations
  6310 | D:6      | Found a staircase to the Ecumenical Temple.
  6399 | D:6      | Found Kiud's Elemental Accessories.
  6884 | D:7      | Reached skill level 9 in Conjurations
  7015 | D:7      | Reached XP level 9. HP: 67/67 MP: 16/21
  7059 | D:7      | Found Daucrus's Weapon Boutique.
  7234 | D:7      | Noticed Joseph
  7359 | D:8      | Reached skill level 10 in Conjurations
  7375 | D:8      | Reached skill level 11 in Conjurations
  7607 | D:8      | Noticed Maggie
  7609 | D:8      | HP: 3/67 [acid (7)]
  7615 | D:8      | Killed Maggie
  8030 | D:8      | Noticed Gastronok
  8605 | D:8      | Killed Gastronok
  8606 | D:8      | Reached XP level 10. HP: 48/73 MP: 10/25
  8883 | D:8      | Reached skill level 12 in Conjurations
  8921 | D:8      | Noticed Grum
  8927 | D:8      | Killed Grum
  9269 | D:7      | Noticed Harold
  9275 | D:7      | Killed Harold
  9309 | D:7      | Noticed Prince Ribbit
  9311 | D:7      | Killed Prince Ribbit
  9885 | D:7      | Killed Joseph
 10221 | D:9      | Reached XP level 11. HP: 79/79 MP: 17/28
 10317 | D:9      | Found a staircase to the Orcish Mines.
 10605 | D:9      | Reached skill level 13 in Conjurations
 10681 | D:9      | Found a runed translucent gate.
 10682 | D:9      | Found a runed translucent gate.
 10683 | D:9      | Found a runed translucent gate.
 10683 | D:9      | Identified the +0 chain mail "Ahevvyut" {+Inv rF+}
 10684 | D:9      | Noticed spimroxx's ghost (novice TrBe)
 11278 | D:9      | Killed spimroxx's ghost
 11408 | D:10     | Entered Level 10 of the Dungeon
 11850 | D:10     | Noticed a two-headed ogre
 11854 | D:10     | Killed a two-headed ogre
 11855 | D:10     | Reached skill level 10 in Spellcasting
 12130 | D:11     | Noticed Sonja
 12136 | D:11     | Killed Sonja
 12159 | D:11     | Reached skill level 14 in Conjurations
 12244 | D:11     | Noticed a boulder beetle
 12268 | D:11     | Killed a boulder beetle
 12402 | D:11     | Found a staircase to the Lair.
 12403 | D:11     | Noticed a two-headed ogre
 12408 | D:11     | Killed a two-headed ogre
 12481 | D:11     | Noticed Snorg
 12485 | D:11     | Killed Snorg
 12676 | D:11     | Noticed a deep elf pyromancer
 12687 | D:11     | Killed a deep elf pyromancer
 12688 | D:11     | Reached XP level 12. HP: 85/85 MP: 30/30
 13557 | D:12     | Reached skill level 15 in Conjurations
 13621 | D:12     | Found a runed translucent door.
 13622 | D:12     | Noticed MisterT's ghost (journeyman HOMo)
 13700 | D:12     | You are sucked into a shaft and drop 2 floors!
 13764 | D:14     | Noticed a catoblepas
 13774 | D:14     | Killed a catoblepas
 13775 | D:14     | Reached skill level 1 in Translocations
 13848 | D:14     | Noticed a boulder beetle
 13856 | D:14     | Killed a boulder beetle
 14145 | D:14     | Noticed an eight-headed hydra
 14148 | D:14     | Killed an eight-headed hydra
 14208 | D:14     | Reached skill level 5 in Dodging
 14868 | D:12     | Reached skill level 1 in Armour
 14980 | D:12     | Identified the ring "Juttioc" {Fly Will+ Slay+2}
 15499 | D:13     | Found Kuerghoud's General Store.
 15504 | D:13     | Bought a potion of heal wounds for 65 gold pieces
 15528 | D:13     | Found a gate to the Vaults.
 15595 | D:13     | Noticed a centaur warrior
 15599 | D:13     | Killed a centaur warrior
 15674 | D:13     | Noticed a centaur warrior
 15682 | D:13     | Killed a centaur warrior
 15835 | D:13     | Reached skill level 16 in Conjurations
 15870 | D:13     | Reached XP level 13. HP: 91/91 MP: 31/31
 16836 | D:15     | Entered Level 15 of the Dungeon
 17049 | D:15     | Reached skill level 5 in Armour
 17253 | D:15     | Killed MisterT's ghost
 17663 | D:15     | Found a staircase to the Depths.
 17677 | D:15     | Reached skill level 17 in Conjurations
 18026 | Lair:1   | Entered Level 1 of the Lair of Beasts
 18447 | Lair:1   | Noticed Nergalle
 18461 | Lair:1   | Killed Nergalle
 19634 | Lair:2   | Reached XP level 14. HP: 99/99 MP: 17/32
 19763 | Lair:2   | Reached skill level 18 in Conjurations
 20205 | Lair:2   | HP: 1/99 [acid (9)]
 21020 | Lair:3   | Found a hole to the Spider Nest.
 21850 | Lair:3   | Reached skill level 19 in Conjurations
 23562 | Lair:4   | Found a staircase to the Swamp.
 24397 | Lair:5   | Reached skill level 20 in Conjurations
 24460 | Lair:5   | Learned a level 6 spell: Iron Shot
 24623 | Lair:5   | Reached XP level 15. HP: 104/104 MP: 33/33
 24728 | Lair:5   | Reached skill level 1 in Earth Magic
 25042 | Lair:6   | Entered Level 6 of the Lair of Beasts
 25386 | Lair:6   | Noticed Josephine
 25390 | Lair:6   | Killed Josephine
 25700 | Lair:6   | Found a staircase to the Slime Pits.
 25972 | Lair:6   | Reached skill level 1 in Shields
 26558 | Lair:6   | Found a large runed translucent door.
 26559 | Lair:6   | Found a large runed translucent door.
 26929 | Lair:6   | Acquired a book of Dangerous Friends
 26931 | Lair:6   | Acquired 800 gold pieces
 26933 | Lair:6   | Acquired the amulet of Hunuap {RegenMP Regen+ Int+3}
 26963 | Lair:6   | Acquired a book of the Dragon
 26965 | Lair:6   | Acquired 802 gold pieces
 26966 | Lair:6   | Acquired 622 gold pieces
 27260 | Orc:1    | Entered Level 1 of the Orcish Mines
 27311 | Orc:2    | Entered Level 2 of the Orcish Mines
 27393 | Orc:2    | Found Titaty's General Store.
 27504 | Orc:2    | Found Ylyut's Antique Armour Shoppe.
 27678 | Orc:2    | Bought a scroll of fear for 45 gold pieces
 27678 | Orc:2    | Bought 2 potions of curing for 78 gold pieces
 27678 | Orc:2    | Bought the +0 troll leather armour of Ydyhod Ali {rF+
                  | Regen+ Int+4 Dex+2 Stlth-} for 522 gold pieces
 27727 | Orc:2    | Found Jiukucao's Book Emporium.
 27735 | Orc:2    | Bought a book of the Moon for 600 gold pieces
 27743 | Orc:2    | Learned a level 7 spell: Orb of Destruction
 27834 | Orc:2    | Found a runed translucent door.
 28046 | Orc:2    | Found Jeckugo's Antique Weapon Shop.
 28123 | Orc:2    | Found a staircase to the Elven Halls.
 28502 | Orc:2    | Bought a twisted cloak for 294 gold pieces
 28502 | Orc:2    | Identified the +0 cloak "Zearoro" {rPois rN+ Str+3} (You
                  | bought it in a shop on level 2 of the Orcish Mines)
 28502 | Orc:2    | Bought a pair of runed boots for 232 gold pieces
 29840 | Swamp:1  | Entered Level 1 of the Swamp
 29900 | Swamp:1  | Noticed Donald
 29904 | Swamp:1  | Killed Donald
 30121 | Swamp:1  | Identified the +0 scale mail "Natues" {Int+5}
 30460 | Swamp:2  | Reached skill level 5 in Shields
 30469 | Swamp:2  | Learned a level 4 spell: Airstrike
 30486 | Swamp:2  | Reached XP level 16. HP: 111/111 MP: 38/38
 30497 | Swamp:2  | Reached skill level 1 in Air Magic
 30873 | Swamp:2  | You are sucked into a shaft and drop 1 floor!
 31800 | Swamp:2  | Identified the +2 battleaxe of Resourcefulness {vorpal,
                  | rPois}
 32124 | Swamp:4  | Entered Level 4 of the Swamp
 32965 | Swamp:4  | Got a decaying rune of Zot
 33491 | Spider:1 | Entered Level 1 of the Spider Nest
 33667 | Spider:1 | Reached XP level 17. HP: 116/116 MP: 34/41
 34491 | Spider:1 | Identified the +11 falchion of Iwkiet {antimagic, Stlth+}
 34832 | Spider:2 | Noticed Kirke
 34835 | Spider:2 | Reached skill level 10 in Shields
 34836 | Spider:2 | Noticed Arachne
 34907 | Spider:2 | Killed Kirke
 34912 | Spider:2 | Killed Arachne
 35122 | Spider:2 | Identified Roxanne's Tome of the Mountains
 35122 | Spider:2 | Noticed Roxanne
 35300 | Spider:2 | Noticed Jorgrun
 35309 | Spider:2 | Killed Jorgrun
 35632 | Spider:2 | Killed Roxanne
 35813 | Spider:3 | Reached skill level 15 in Spellcasting
 35901 | Spider:3 | Found a runed translucent gate.
 35902 | Spider:3 | Found a runed translucent gate.
 35902 | Spider:3 | Found a runed translucent gate.
 36158 | Spider:3 | Noticed Azrael
 36166 | Spider:3 | Killed Azrael
 36251 | Spider:3 | Noticed Asterion
 36262 | Spider:3 | Killed Asterion
 36263 | Spider:3 | Reached skill level 5 in Air Magic
 36263 | Spider:3 | Reached skill level 5 in Earth Magic
 36625 | Spider:3 | Noticed Banquo's ghost (adept DjGl)
 36780 | Spider:3 | Killed Banquo's ghost
 36907 | Spider:3 | Identified the +8 great sword "Ehaag" {protect, +Rage Int+3
                  | Dex+2}
 37083 | Spider:4 | Entered Level 4 of the Spider Nest
 37137 | Spider:4 | Identified the +1 ring mail "Hisuu" {rCorr Str+5}
 37594 | Spider:4 | Noticed Agnes
 37597 | Spider:4 | Killed Agnes
 38144 | Spider:4 | Reached XP level 18. HP: 123/123 MP: 10/42
 38655 | Spider:4 | Got a gossamer rune of Zot
 38973 | Elf:1    | Entered Level 1 of the Elven Halls
 38975 | Elf:1    | Paralysed by an air elemental for 1 turns
 39021 | Elf:1    | Identified the +1 arbalest of Zaytas {venom, rC++}
 39372 | Elf:1    | Paralysed by an air elemental for 1 turns
 39439 | Elf:1    | Identified the ring "Qurikeid" {rN+ Str+2 Dex+2}
 39659 | Elf:1    | Paralysed by an air elemental for 1 turns
 39661 | Elf:1    | Paralysed by an air elemental for 1 turns
 40731 | Elf:2    | Found Odocaonu's General Store.
 40740 | Elf:2    | Bought a potion of magic for 88 gold pieces
 40788 | Elf:2    | Found a runed translucent gate.
 40788 | Elf:2    | Found a runed translucent gate.
 40789 | Elf:2    | Found a runed translucent gate.
 41199 | Elf:2    | Reached skill level 15 in Shields
 41610 | Elf:3    | Entered Level 3 of the Elven Halls
 42280 | Elf:3    | Reached XP level 19. HP: 128/128 MP: 35/44
 42700 | Elf:3    | Noticed a Tzitzimitl
 42823 | Elf:3    | Noticed a Brimstone Fiend
 43102 | Elf:3    | Got the Catalogue of the Ashen Entourage
 43118 | Elf:3    | Identified the +1 pair of boots "Hiclaw" {+Blink rCorr MP+9
                  | Int-4}
 43192 | Elf:3    | Found the +3 Elemental Staff {rElec rF++ rC++ Will++ AC+5}
 43807 | Slime:1  | Entered Level 1 of the Pits of Slime
 43972 | Slime:2  | Gained mutation: Armour fits poorly on your strangely
                  | shaped body. [a shining eye]
 43974 | Slime:2  | Gained mutation: Your spells are a little easier to cast,
                  | but a little less powerful. [a shining eye]
 44867 | Slime:2  | Gained mutation: Your body sometimes deteriorates upon
                  | taking damage. [a shining eye]
 45191 | Slime:3  | Gained mutation: You are weak. (Str -2) [a shining eye]
 45194 | Slime:3  | Paralysed by a great orb of eyes for 2 turns
 45195 | Slime:3  | Gained mutation: Your body often deteriorates upon taking
                  | damage. [a shining eye]
 45963 | Slime:4  | Reached XP level 20. HP: 53/135 MP: 36/48
 46167 | Slime:5  | Entered Level 5 of the Pits of Slime
 46589 | Slime:5  | Noticed the Royal Jelly
 46635 | Slime:5  | Splashed by an acid blob's acid

Illustrated notes

Levels and vault maps discovered:
D:1:      lemuel_arrival_cross, layout_rooms, serial_shops, nicolae_square_shop
D:2:      layout_loops_corners, shapermc_ecumenical_altar_rom_forum
D:3:      layout_rooms, serial_undead, serial_undead_d, serial_undead_c,
          serial_undead_c, serial_undead_f, hangedman_decor_lopped,
          grunt_ministairs_4, uniq_ijyb
D:4:      layout_basic, mainiacjoe_overflow_small_starburst,
          mainiacjoe_overflow_paths, mainiacjoe_overflow_alcove_4, uniq_menkaure
D:5:      layout_rooms, fedhas_altar_fruit_tree, nicolae_tso_carved_into_rock,
          serial_shops, nicolae_lakefront_shop
D:6:      lemuel_insect_pit, layout_basic, kennysheep_mini,
          minmay_temple_entry_antechambers, nicolae_elemental_shop,
          chequers_serial_rivers_small_b
D:7:      layout_basic, serial_shops, shop, uniq_joseph, uniq_harold,
          uniq_prince_ribbit1
D:8:      kennysheep_steamy, layout_loops_ring, nicolae_overflow_hidden_temple,
          uniq_grum, uniq_maggie, uniq_gastronok
D:9:      layout_irregular_city, lemuel_zombie_altar_kikubaaqudgha,
          zombieorc2_lemuel, biasface_ghost_orc_armoury
D:10:     layout_basic, mainiacjoe_overflow_surrounded_room,
          kennysheep_mini_moat, yredelemnul_forgotten_temple_becter,
          dk_noncrumbling_4
D:11:     layout_basic, lair_entry_dummy, uniq_sonja, uniq_snorg
D:12:     layout_irregular_city, ebering_ghost_reflecting_pool
D:13:     layout_basic, erik_vaults_1, serial_shops, shop,
          kennysheep_generic_room_4
D:14:     layout_irregular_city, roderic_serpentine_path, minmay_fire_ice_demons
D:15:     hangedman_depths_entry_civil_slaughter, layout_basic
Lair:1:   layout_layer_cave, grunt_megastairs_5, infiniplex_staircase_pool_2,
          uniq_nergalle
Lair:2:   layout_roguey, small_statue_intersection, minmay_lair_oklob_chamber,
          lemuel_fruit_tree, grunt_megastairs_2, serial_bayou_shore_b,
          infiniplex_staircase_pool
Lair:3:   layout_layer_cave, spider_nest_entry_rubble, guppyfry_lair_drakes,
          lemuel_fruit_fields
Lair:4:   layout_hall_layers, minmay_swamp_entry_worms, special_room
          [special_room_mythical_zoo], forest_entry_grove
Lair:5:   layout_loops_ring, serial_bayou_shore_a
Lair:6:   cheibrodos_lair_end_hotspot, layout_cave_pods,
          dpeg_slime_entry_corner, uniq_josephine
Swamp:1:  layout_basic_swamp, hangedman_swamp_cone, swamp_pool1, uniq_donald
Swamp:2:  nicolae_swamp_secret_spriggan_hideout, layout_falls_marsh,
          serial_swamp_ruin, evilmike_swamp_ruin_house_2,
          evilmike_swamp_ruin_house_4, swamp_pool4, grunt_witch_cave
Swamp:3:  layout_falls_marsh, evilmike_swamp_ruin_house_5
Swamp:4:  swamp_basic_johnstein, layout_basic_swamp, swamp_pool3,
          nicolae_swamp_small_spring
Spider:1: layout_spider_delve
Spider:2: layout_spider_delve, nicolae_spider_cling_halls, uniq_arachne,
          uniq_kirke, uniq_jorgrun, uniq_roxanne
Spider:3: layout_spider_delve, gammafunk_ghost_split,
          nicolae_spider_twisty_arc_passages, uniq_asterion, uniq_azrael
Spider:4: spider_rune_water, uniq_agnes
Slime:1:  layout_caves
Slime:2:  layout_caves
Slime:3:  layout_caves
Slime:4:  layout_caves, cheibrodos_slime_lost_civilization_4
Slime:5
Orc:1:    layout_diamond_mine
Orc:2:    grunt_orc_gardens, layout_caves, grunt_orc_garden, grunt_orc_garden,
          grunt_orc_garden, grunt_orc_garden, serial_shops, bzr_entry_safe,
          lightli_church_of_beogh
Elf:1:    nicolae_elf_arrival_aired_out, layout_gridlike, evilmike_minifort
Elf:2:    elven_hall_of_blades_hangedman_original [nicolae_blade_lattice],
          layout_onion_city, serial_shops, shop, minivault_8
Elf:3:    minmay_elf_hall_spiked, layout_loops_cross, dk_noncrumbling_2

Skill      XL: |  1  2  3  4  5  6  7  8  9 10 11 12 13 14 15 16 17 18 19 20 |
---------------+-------------------------------------------------------------+-----
Conjurations   | 4 5 7 9 11 12 14 16 17 20 | 20.0
Stealth        | 2 3 |  3.0
Spellcasting   | 2 3 4 5 6 7 8 10 13 14 15 18 | 18.3
Fighting       | 1 2 |  2.0
Dodging        | 2 6 |  6.0
Translocations | 2 |  2.0
Armour         | 3 6 |  6.0
Earth Magic    | 2 6 8 9 |  9.3
Shields        | 5 9 12 15 | 15.0
Air Magic      | 2 6 |  6.0

Action                   |  1- 3 |  4- 6 |  7- 9 | 10-12 | 13-15 | 16-18 | 19-21 || total
-------------------------+-------+-------+-------+-------+-------+-------+-------++-------
Melee: Unarmed           |    34 |       |       |       |       |       |       ||    34
       Staff             |       |       |     1 |       |     5 |     1 |     1 ||     8
 Cast: Magic Dart        |   120 |    60 |   100 |   212 |   951 |   842 |   289 ||  2574
       Searing Ray       |     2 |     4 |    15 |    55 |    78 |     1 |     1 ||   156
       Iskenderun's Myst |       |       |     3 |    40 |   144 |   240 |    88 ||   515
       Iron Shot         |       |       |       |       |    11 |   125 |    73 ||   209
       Orb of Destructio |       |       |       |       |       |     5 |     5 ||    10
       Airstrike         |       |       |       |       |       |       |     1 ||     1
Evoke: Wand              |       |       |       |       |       |       |     2 ||     2
  Use: Scroll            |       |       |    13 |     3 |    20 |     7 |     7 ||    50
       Potion            |       |       |     1 |       |     1 |       |     3 ||     5
Armor: Robe              |     6 |       |     3 |       |       |       |       ||     9
       Steam dragon scal |       |       |       |     6 |       |       |       ||     6
       Troll leather arm |       |       |       |     4 |    44 |    74 |    16 ||   138
Dodge: Dodged            |    30 |     3 |     4 |    13 |    85 |   136 |    43 ||   314
Block: Buckler           |       |       |       |       |     5 |    93 |    23 ||   121
